[Event "Titled Tuesday Blitz November 14 Early 2023"]
[White "Nagare Kaivalya Sandip"]
[Black "elmusmolamas"]
[WhiteFideId "25957929"]
[WhiteElo "2664"]
[BlackElo "2508"]
[Result "0-1"]
[Round "7"]
[TimeControl "180+1"]
[Date "2023.11.14"]
[WhiteClock "0:01:14"]
[BlackClock "0:00:14"]
[Board "87"]

1. e4 c6 2. d4 d5 3. e5 Bf5 4. h4 h5 5. c4 e6 6. Nc3 Ne7 7. Bd3 Bg6 8. Bxg6 Nxg6 9. Bg5 Be7 10. Nf3 Bxg5 11. Nxg5 Nxh4 12. Qd2 Ng6 13. cxd5 exd5 14. e6 fxe6 15. Nxe6 Qe7 16. O-O-O Kf7 17. Ng5+ Kg8 18. Rde1 Qf8 19. Re6 Nf4 20. Ree1 Nd7 21. g3 Ng6 22. f4 Nf6 23. Ne6 Qd6 24. f5 Re8 25. Nc5 Rxe1+ 26. Rxe1 Nf8 27. Qd3 b6 28. Ne6 Nxe6 29. Rxe6 Qd7 30. Ne2 h4 31. Nf4 h3 32. Re1 h2 33. Rh1 Ne4 34. Qe2 Nxg3 35. Qg2 0-1


[Site "https://www.chess.com"]

[Event "Titled Tuesday Blitz November 14 Early 2023"]
[White "Golubev, Mikhail"]
[Black "Dudzinski, Pawel"]
[WhiteFideId "14100983"]
[BlackFideId "1117890"]
[WhiteElo "2653"]
[BlackElo "2502"]
[Result "1-0"]
[Round "7"]
[TimeControl "180+1"]
[Date "2023.11.14"]
[WhiteClock "0:00:30"]
[BlackClock "0:00:00"]
[Board "88"]

1. e4 c6 2. Nf3 d5 3. Nc3 dxe4 4. Nxe4 Nf6 5. Qe2 Nxe4 6. Qxe4 Qa5 7. b4 Qd5 8. Qxd5 cxd5 9. Bb2 e6 10. a3 f6 11. c4 Nc6 12. cxd5 exd5 13. Bb5 Bd7 14. O-O O-O-O 15. Rac1 Kb8 16. Rfe1 Bd6 17. Bxc6 bxc6 18. Nd4 Kb7 19. Nb3 Rhe8 20. Re3 Rxe3 21. dxe3 Rc8 22. Bd4 Kb8 23. f3 Bc7 24. Kf2 Bb6 25. Bc5 Kb7 26. Ke2 Kc7 27. Kd2 Rb8 28. Nd4 a5 29. Bxb6+ Rxb6 30. b5 g6 31. Rc5 Kd6 32. bxc6 Bxc6 33. Rxa5 Bd7 34. Kc3 Rb1 35. Ra6+ Kc7 36. Ra7+ Kd6 37. a4 Rc1+ 38. Kb4 Rb1+ 39. Ka5 Rb2 40. Nb5+ Ke6 41. Kb6 1-0


[Site "https://www.chess.com"]

[Event "Titled Tuesday Blitz November 14 Early 2023"]
[White "Morgunov, Marc"]
[Black "Yen, William"]
[WhiteFideId "1640305"]
[BlackFideId "30932025"]
[WhiteElo "2492"]
[BlackElo "2650"]
[Result "1-0"]
[Round "7"]
[TimeControl "180+1"]
[Date "2023.11.14"]
[WhiteClock "0:00:23"]
[BlackClock "0:00:13"]
[Board "89"]

1. e4 c5 2. Nf3 d6 3. d4 cxd4 4. Nxd4 Nf6 5. Nc3 a6 6. Be2 e5 7. Nb3 Be7 8. O-O O-O 9. Qd3 Be6 10. Bd2 Nbd7 11. Nd5 Bxd5 12. exd5 Nc5 13. Nxc5 dxc5 14. c4 Bd6 15. Bc3 Re8 16. Rae1 e4 17. Qh3 Be5 18. Bd1 Bxc3 19. Qxc3 Qd6 20. Bc2 Re7 21. Qg3 Qxg3 22. hxg3 b5 23. b3 b4 24. Re2 Rae8 25. Rfe1 Kf8 26. Re3 Re5 27. f3 exf3 28. Rxe5 f2+ 29. Kxf2 Rxe5 30. Rxe5 Ng4+ 31. Kf3 Nxe5+ 32. Kf4 Nd7 33. Bf5 Nb6 34. Ke5 Ke7 35. d6+ Kd8 36. Bxh7 Nd7+ 37. Kd5 Nf6+ 38. Kxc5 Nxh7 39. Kxb4 Kd7 40. c5 Kc6 41. Ka5 Nf6 42. b4 Kb7 43. b5 axb5 44. Kxb5 Ne4 45. a4 Nc3+ 46. Kb4 Ne4 47. a5 Kc6 48. a6 Nf6 49. a7 Kb7 50. c6+ Kxa7 51. d7 1-0


[Site "https://www.chess.com"]

[Event "Titled Tuesday Blitz November 14 Early 2023"]
[White "Pastar, Slaven"]
[Black "Yurasova, Daria"]
[WhiteFideId "14402718"]
[BlackFideId "34146919"]
[WhiteElo "2633"]
[BlackElo "2484"]
[Result "1-0"]
[Round "7"]
[TimeControl "180+1"]
[Date "2023.11.14"]
[WhiteClock "0:00:36"]
[BlackClock "0:01:01"]
[Board "90"]

1. b3 b6 2. Bb2 Bb7 3. e3 e6 4. Nf3 Nf6 5. c4 Be7 6. Be2 c5 7. O-O d6 8. d4 cxd4 9. Nxd4 O-O 10. Nc3 Nbd7 11. Bf3 Qc8 12. Ndb5 Bxf3 13. Qxf3 a6 14. Nd4 Ne5 15. Qe2 Qc7 16. f4 Nc6 17. Nxc6 Qxc6 18. Qf3 Qc7 19. g4 Rfd8 20. g5 Ne8 21. Rfd1 Rac8 22. Rac1 Qa7 23. a4 g6 24. h4 Ng7 25. Ne4 Nf5 26. Nf6+ Bxf6 27. Bxf6 Rd7 28. e4 b5+ 29. Qf2 Ne3 30. cxb5 Rdc7 31. Rxc7 Rxc7 32. Re1 Ng4 33. Qxa7 Rxa7 34. Rc1 Nxf6 35. gxf6 h5 36. b6 Rb7 37. a5 1-0


[Site "https://www.chess.com"]

[Event "Titled Tuesday Blitz November 14 Early 2023"]
[White "Al-Tarboush, Ward"]
[Black "Omariev, Maksim"]
[WhiteFideId "7601450"]
[BlackFideId "4193423"]
[WhiteElo "2630"]
[BlackElo "2483"]
[Result "0-1"]
[Round "7"]
[TimeControl "180+1"]
[Date "2023.11.14"]
[WhiteClock "0:00:11"]
[BlackClock "0:00:38"]
[Board "91"]

1. e4 c5 2. Nf3 d6 3. d4 cxd4 4. Nxd4 Nf6 5. Nc3 a6 6. h3 e6 7. g4 Nfd7 8. Bg2 Qc7 9. Be3 Be7 10. Qe2 Nc6 11. O-O-O Nce5 12. f4 Nc4 13. g5 Nxe3 14. Qxe3 Nb6 15. Qd3 Nc4 16. f5 Bxg5+ 17. Kb1 O-O 18. Bf3 Ne5 19. Qe2 b5 20. Rhg1 Bf6 21. Rg2 b4 22. Na4 Bd7 23. fxe6 Bxa4 24. exf7+ Qxf7 25. Nf5 Kh8 26. Rdg1 Bb5 27. Qe3 Nxf3 28. Qxf3 Be5 29. Qd1 Rad8 30. b3 d5 31. Qc1 dxe4 32. Ne3 Bc3 33. Ng4 Qf1 34. Ne3 Qxc1+ 35. Rxc1 Rf3 36. Ng4 Rxh3 37. Rh1 Rxh1+ 0-1


[Site "https://www.chess.com"]

[Event "Titled Tuesday Blitz November 14 Early 2023"]
[White "Grochal, Joey"]
[Black "Bodnaruk, Anastasia"]
[WhiteFideId "1019945"]
[BlackFideId "4181751"]
[WhiteElo "2479"]
[BlackElo "2627"]
[Result "1-0"]
[Round "7"]
[TimeControl "180+1"]
[Date "2023.11.14"]
[WhiteClock "0:01:20"]
[BlackClock "0:01:23"]
[Board "92"]

1. e4 c5 2. Nf3 d6 3. d4 cxd4 4. Nxd4 Nf6 5. Nc3 a6 6. Be3 e5 7. Nb3 Be7 8. f3 O-O 9. Qd2 Be6 10. O-O-O Nbd7 11. g4 b5 12. g5 Nh5 13. h4 Nb6 14. Nd5 Bxd5 15. exd5 f5 16. Na5 Qc7 17. Nc6 Ng3 18. Rg1 Nxf1 19. Rdxf1 Nc4 20. Qd3 Bd8 21. f4 e4 22. Qc3 Qf7 23. Rd1 Rc8 24. Bd4 Bb6 25. g6 hxg6 26. Rg5 e3 27. Bxb6 Nxb6 28. Qxe3 Nxd5 29. Rxd5 Rxc6 30. Qd2 Rc4 31. b3 Re4 32. Rxd6 Rfe8 33. Rdxg6 Qc7 34. Qd5+ Kh7 35. Rh5+ Kxg6 36. Qxf5# 1-0


[Site "https://www.chess.com"]

[Event "Titled Tuesday Blitz November 14 Early 2023"]
[White "Kuzhylnyi, Oleksandr"]
[Black "Manukyan, Sargis V."]
[WhiteFideId "34110500"]
[BlackFideId "13303465"]
[WhiteElo "2624"]
[BlackElo "2475"]
[Result "1-0"]
[Round "7"]
[TimeControl "180+1"]
[Date "2023.11.14"]
[WhiteClock "0:00:09"]
[BlackClock "0:00:00"]
[Board "93"]

1. b3 a5 2. a3 e5 3. Bb2 Nc6 4. e3 Nf6 5. Nf3 e4 6. Nd4 Nxd4 7. Bxd4 d5 8. d3 Bg4 9. Be2 Bxe2 10. Qxe2 Bd6 11. Nd2 O-O 12. O-O Re8 13. Rfd1 exd3 14. Qxd3 c6 15. h3 Qe7 16. c4 Rad8 17. Qf5 Ne4 18. Nxe4 dxe4 19. Bb6 Ra8 20. a4 g6 21. Qg4 Qe5 22. g3 Bc5 23. Bxc5 Qxc5 24. Rd7 b5 25. axb5 cxb5 26. Rd5 Qb4 27. Rxb5 Qc3 28. Rd1 a4 29. bxa4 Rxa4 30. Qd7 Rf8 31. c5 Rc4 32. Qd5 Qc2 33. Rd4 Rc3 34. Qxe4 Qc1+ 35. Kg2 Rxc5 36. Rb7 Rf5 37. Qe7 h5 38. Rd8 Rxd8 39. Qxd8+ Kg7 40. Qd4+ Kh7 41. Rb8 Qc6+ 42. e4 Qf6 43. Qe3 Re5 44. Rb4 Qe7 45. Rd4 Re6 46. Qd3 Rf6 47. Rd7 Qe6 48. Qd4 h4 49. e5 Rf5 50. Qxh4+ Rh5 51. Qg4 Qxe5 52. Rxf7+ Kh6 53. Qf4+ Qxf4 54. Rxf4 Ra5 55. Rh4+ Kg7 56. Rb4 Rb5 57. Rxb5 1-0


[Site "https://www.chess.com"]

[Event "Titled Tuesday Blitz November 14 Early 2023"]
[White "Aash20"]
[Black "Belov, Alexei"]
[BlackFideId "4128206"]
[WhiteElo "2470"]
[BlackElo "2611"]
[Result "1/2-1/2"]
[Round "7"]
[TimeControl "180+1"]
[Date "2023.11.14"]
[WhiteClock "0:01:40"]
[BlackClock "0:00:33"]
[Board "94"]

1. e4 e6 2. d4 d5 3. Nd2 Nf6 4. e5 Nfd7 5. Bd3 c5 6. c3 Nc6 7. Ngf3 f6 8. exf6 Nxf6 9. O-O Bd6 10. b3 O-O 11. Bb2 Bd7 12. c4 cxd4 13. cxd5 exd5 14. Nxd4 Nxd4 15. Bxd4 b6 16. h3 Bc5 17. Bb2 Qc7 18. Bxf6 Rxf6 19. Qh5 g6 20. Qxd5+ Kg7 21. Qxa8 Bc6 22. Qxc6 Qxc6 23. Ne4 Re6 24. Nxc5 Qxc5 25. Bc4 Re7 26. a4 Kf6 27. Rae1 Rxe1 28. Rxe1 h5 29. Re6+ Kf5 30. Re3 h4 31. Rf3+ Kg5 32. Re3 Qd4 33. Rf3 Kh6 34. Rf7 a5 35. Rf3 Qd1+ 36. Kh2 Qd4 37. Rf7 Qd6+ 38. Kg1 Qd1+ 39. Kh2 Qd6+ 40. Kg1 Qd1+ 41. Kh2 Qd6+ 1/2-1/2


[Site "https://www.chess.com"]

[Event "Titled Tuesday Blitz November 14 Early 2023"]
[White "UNSTOPPABLE_LEGEND"]
[Black "Gontcharov, Vladislav"]
[BlackFideId "4123492"]
[WhiteElo "2465"]
[BlackElo "2608"]
[Result "0-1"]
[Round "7"]
[TimeControl "180+1"]
[Date "2023.11.14"]
[WhiteClock "0:01:32"]
[BlackClock "0:00:42"]
[Board "95"]

1. e4 e6 2. d4 d5 3. e5 c5 4. c3 Nc6 5. Nf3 Nge7 6. Bd3 cxd4 7. cxd4 Nf5 8. Bxf5 exf5 9. O-O Be7 10. Nc3 Be6 11. Re1 g5 12. Re2 f4 13. Ne1 Rc8 14. Nc2 Bg4 15. f3 Bf5 16. a3 Qd7 17. Kh1 Be6 18. Bd2 O-O 19. Be1 Na5 20. Nb4 Nc4 21. Qd3 a5 22. Nba2 Bf5 23. Qd1 Ne3 24. Qb3 Bd3 25. Rd2 Bc4 26. Qb6 Rc6 0-1


[Site "https://www.chess.com"]

[Event "Titled Tuesday Blitz November 14 Early 2023"]
[White "WindWhistler11"]
[Black "Demin, Vladimir"]
[BlackFideId "4167457"]
[WhiteElo "2456"]
[BlackElo "2596"]
[Result "1-0"]
[Round "7"]
[TimeControl "180+1"]
[Date "2023.11.14"]
[WhiteClock "0:00:35"]
[BlackClock "0:01:06"]
[Board "96"]

1. Nf3 d5 2. c4 e6 3. g3 Nf6 4. Bg2 Be7 5. O-O O-O 6. b3 d4 7. e3 c5 8. exd4 cxd4 9. Re1 Nc6 10. d3 Nd7 11. Na3 e5 12. Nc2 Re8 13. a3 a5 14. Rb1 Bf8 15. b4 axb4 16. axb4 Qc7 17. Nfxd4 Nxd4 18. Nxd4 Nf6 19. Nb5 Qd8 20. Bb2 Bd7 21. Rxe5 Rxe5 22. Bxe5 Bxb5 23. cxb5 Nd5 24. Qf3 Nxb4 25. Qxb7 Ra2 26. Rxb4 Bxb4 27. Bd5 Ra7 28. Bxf7+ 1-0


[Site "https://www.chess.com"]

[Event "Titled Tuesday Blitz November 14 Early 2023"]
[White "Foisor, Sabina-Francesca"]
[Black "Tasev, Dejan"]
[WhiteFideId "1212915"]
[BlackFideId "936618"]
[WhiteElo "2455"]
[BlackElo "2583"]
[Result "1/2-1/2"]
[Round "7"]
[TimeControl "180+1"]
[Date "2023.11.14"]
[WhiteClock "0:00:07"]
[BlackClock "0:00:09"]
[Board "97"]

1. d4 Nf6 2. c4 e6 3. Nf3 d5 4. Qc2 Be7 5. Bg5 c6 6. e3 Nbd7 7. Nc3 O-O 8. Bd3 dxc4 9. Bxc4 b5 10. Bd3 a6 11. O-O Bb7 12. Rad1 Rc8 13. e4 h6 14. Bh4 c5 15. e5 Nd5 16. Nxd5 Bxd5 17. Bxe7 Qxe7 18. Be4 Nb6 19. Bxd5 Nxd5 20. dxc5 Rxc5 21. Qd2 Rfc8 22. Rc1 Qc7 23. Rxc5 Qxc5 24. Qa5 Qb6 25. Qxb6 Nxb6 26. b3 Rc2 27. Ra1 Nd5 28. h4 Nc3 29. a4 b4 30. Nd4 Ne2+ 31. Nxe2 Rxe2 32. Rd1 Rxe5 33. Rd8+ Kh7 34. Rb8 a5 35. Rb5 Rxb5 36. axb5 a4 37. b6 a3 38. b7 a2 39. b8=Q a1=Q+ 40. Kh2 Qc3 41. Qf4 f5 42. Qd6 Qxb3 43. h5 Qc4 44. g3 b3 45. Qd7 Qg4 46. Qxe6 Qxh5+ 47. Kg2 b2 48. Qe1 Qf7 49. Qb1 Qd5+ 50. Kh2 Qb5 51. Kg2 h5 52. Kh2 g6 53. Kg2 Qc6+ 54. Kh2 Qc1 55. Qa2 b1=Q 56. Qf7+ Kh6 57. Qf8+ Kg5 58. Qe7+ Kg4 59. Qe2+ Kg5 60. Qe7+ Kh6 61. Qf8+ Kh7 62. Qf7+ Kh6 63. Qf8+ 1/2-1/2


[Site "https://www.chess.com"]

[Event "Titled Tuesday Blitz November 14 Early 2023"]
[White "Skatchkov, Valery"]
[Black "Akylbekov, Nasyr"]
[WhiteFideId "24195812"]
[BlackFideId "13800353"]
[WhiteElo "2582"]
[BlackElo "2458"]
[Result "1-0"]
[Round "7"]
[TimeControl "180+1"]
[Date "2023.11.14"]
[WhiteClock "0:00:28"]
[BlackClock "0:00:32"]
[Board "98"]

1. d4 e5 2. dxe5 Nc6 3. Nf3 Nge7 4. Bg5 h6 5. Bh4 g5 6. Bg3 Bg7 7. Nbd2 Ng6 8. e3 Qe7 9. h4 g4 10. Nd4 h5 11. Nf5 Qf8 12. Nc4 Ngxe5 13. Nxg7+ Qxg7 14. Nxe5 Nxe5 15. Qd4 d6 16. Bb5+ Kf8 17. O-O-O Be6 18. Qc3 Nc6 19. Qxg7+ Kxg7 20. Bd3 Kf6 21. Be4 Bf5 22. Bxf5 Kxf5 23. Rd5+ Ke6 24. Rhd1 Ne7 25. Rb5 b6 26. e4 f6 27. Rd3 a6 28. Rb4 Rhd8 29. Rc3 Rd7 30. a4 a5 31. Rb5 Rh8 32. Kd2 Nc6 33. Rxc6 1-0


[Site "https://www.chess.com"]

[Event "Titled Tuesday Blitz November 14 Early 2023"]
[White "Derjabin, Ilja"]
[Black "Mazurkiewicz, Michal"]
[WhiteFideId "14104768"]
[BlackFideId "1124943"]
[WhiteElo "2572"]
[BlackElo "2454"]
[Result "1-0"]
[Round "7"]
[TimeControl "180+1"]
[Date "2023.11.14"]
[WhiteClock "0:00:53"]
[BlackClock "0:00:03"]
[Board "99"]

1. d4 Nf6 2. c4 e5 3. e3 Bb4+ 4. Nc3 exd4 5. exd4 d5 6. Bd3 dxc4 7. Bxc4 O-O 8. Ne2 c5 9. O-O Nc6 10. dxc5 Bxc5 11. Bg5 Qxd1 12. Raxd1 Ng4 13. Ne4 Bb6 14. Nd6 Be6 15. h3 Bxc4 16. Nxc4 Nge5 17. Nxb6 axb6 18. a3 Nc4 19. Bc1 Rfd8 20. Nc3 Nd4 21. Be3 Nc2 22. Nd5 N2xe3 23. Nxe3 Nxb2 24. Rb1 Rd2 25. Rfc1 g6 26. Rc7 Rxa3 27. Rxb7 Nd3 28. Nc4 Raa2 29. Nxd2 Rxd2 30. Rd7 b5 31. Kh2 b4 32. Rb3 Nxf2 33. Rxd2 Ne4 34. Rdb2 Nc5 35. Rxb4 Nd3 36. Rb8+ Kg7 37. Rd2 Ne5 38. Ra2 h5 39. Rb7 h4 40. g3 Nf3+ 41. Kg2 Ng5 42. gxh4 Ne6 43. Raa7 Kf6 44. Rxf7+ Ke5 45. Rfe7 Kf5 46. Rxe6 g5 47. hxg5 Kf4 48. g6 Kg5 49. g7 Kh4 50. g8=Q Kh5 51. Qg4# 1-0


[Site "https://www.chess.com"]

[Event "Titled Tuesday Blitz November 14 Early 2023"]
[White "Lymar, Vladislav"]
[Black "Joie, Sebastien"]
[WhiteFideId "14162180"]
[BlackFideId "650420"]
[WhiteElo "2569"]
[BlackElo "2453"]
[Result "1-0"]
[Round "7"]
[TimeControl "180+1"]
[Date "2023.11.14"]
[WhiteClock "0:00:08"]
[BlackClock "0:00:00"]
[Board "100"]

1. d4 d5 2. c4 e6 3. cxd5 exd5 4. Bf4 Nf6 5. e3 Be7 6. Bd3 O-O 7. Nc3 c5 8. dxc5 Bxc5 9. Nf3 h6 10. O-O Nc6 11. Rc1 Be6 12. Nb5 Bb6 13. Bb1 Bg4 14. h3 Bxf3 15. Qxf3 a6 16. Nd6 Qd7 17. Nf5 Ne7 18. Nxh6+ gxh6 19. Bxh6 Ne4 20. Bxe4 dxe4 21. Qf6 Nf5 22. Qxb6 Rfc8 23. Qf6 Qe6 24. Qxe6 fxe6 25. Bf4 Ne7 26. Rfd1 Nd5 27. Be5 Kf7 28. a3 Kg6 29. g4 Kf7 30. Kg2 b5 31. Kg3 a5 32. h4 b4 33. axb4 axb4 34. Rxc8 Rxc8 35. Rd4 Rc2 36. Rxe4 Rd2 37. h5 Rc2 38. g5 Rc1 39. g6+ Kg8 40. Kg2 Rc2 41. Bd4 1-0


[Site "https://www.chess.com"]

[Event "Titled Tuesday Blitz November 14 Early 2023"]
[White "Zoete, Roelant"]
[Black "Jesseinkman"]
[WhiteFideId "40103269"]
[WhiteElo "2569"]
[BlackElo "2450"]
[Result "0-1"]
[Round "7"]
[TimeControl "180+1"]
[Date "2023.11.14"]
[WhiteClock "0:00:03"]
[BlackClock "0:00:13"]
[Board "101"]

1. c4 Nf6 2. g3 c5 3. Bg2 Nc6 4. Nc3 g6 5. d3 Bg7 6. Nf3 O-O 7. O-O d6 8. Rb1 Rb8 9. a3 Ng4 10. Qc2 Nge5 11. b4 Nxf3+ 12. exf3 Nd4 13. Qd2 b6 14. f4 Bb7 15. Ne2 Nf3+ 16. Bxf3 Bxf3 17. Bb2 Qd7 18. Qe3 Ba8 19. Bxg7 Kxg7 20. d4 Qf5 21. f3 Rbc8 22. g4 Qe6 23. Qxe6 fxe6 24. Rbd1 cxd4 25. Rxd4 d5 26. cxd5 Bxd5 27. Ng3 Rc3 28. f5 Rxf3 29. Rxf3 Bxf3 30. fxe6 Rf6 31. Rd7 Rxe6 32. Rxa7 Bxg4 33. a4 h5 34. h4 Re3 35. Kf2 Rf3+ 36. Kg2 Rb3 37. b5 Rb2+ 38. Kg1 Rb3 39. Kg2 Kf6 40. a5 Rxb5 41. Ra6 Rxa5 42. Rxb6+ e6 43. Ne4+ Ke5 44. Ng5 Ra2+ 45. Kg3 Ra3+ 46. Kg2 Kf4 47. Rb4+ Kf5 48. Rb5+ e5 49. Nf7 Ra2+ 50. Kg3 Ra3+ 51. Kg2 Re3 52. Nd6+ Kf4 53. Rb4+ e4 54. Nf7 Bf5 55. Ng5 Re2+ 56. Kf1 Ra2 57. Rb7 Ra1+ 58. Kf2 Ra2+ 59. Ke1 Kg4 60. Rb3 Kxh4 61. Rb4 Kxg5 62. Rb5 Kf4 63. Kf1 Kf3 64. Rb3+ e3 65. Kg1 Ra1+ 66. Kh2 Ra2+ 67. Kg1 h4 68. Kh1 h3 69. Kg1 Kf4 70. Kh1 Be4+ 71. Kg1 h2+ 72. Kf1 h1=R# 0-1


[Site "https://www.chess.com"]

[Event "Titled Tuesday Blitz November 14 Early 2023"]
[White "Vestby-Ellingsen, Mads"]
[Black "LiadCuba"]
[WhiteFideId "1520857"]
[WhiteElo "2567"]
[BlackElo "2446"]
[Result "1-0"]
[Round "7"]
[TimeControl "180+1"]
[Date "2023.11.14"]
[WhiteClock "0:01:22"]
[BlackClock "0:00:09"]
[Board "102"]

1. e4 c5 2. Nf3 d6 3. d4 cxd4 4. Nxd4 Nf6 5. Nc3 a6 6. Rg1 Nc6 7. g4 Nxd4 8. Qxd4 Bxg4 9. Bg5 Bh5 10. Bc4 e6 11. e5 dxe5 12. Qh4 Qd4 13. Bxf6 gxf6 14. Qxh5 Qxc4 15. O-O-O Rc8 16. Rg4 Qc6 17. Rd2 f5 18. Rg1 Bb4 19. Rd3 e4 20. Rdg3 Rf8 21. a3 Bd6 22. Rg8 b5 23. R1g7 e3 24. Qxf7+ Kd8 25. Rxf8+ Bxf8 26. Qxf8+ Qe8 27. Qd6+ Qd7 28. Rg8# 1-0


[Site "https://www.chess.com"]

[Event "Titled Tuesday Blitz November 14 Early 2023"]
[White "PoXerStar"]
[Black "Statham_l3"]
[WhiteElo "2438"]
[BlackElo "2564"]
[Result "0-1"]
[Round "7"]
[TimeControl "180+1"]
[Date "2023.11.14"]
[WhiteClock "0:00:00"]
[BlackClock "0:01:38"]
[Board "103"]

1. d4 e6 2. c4 f5 3. Nf3 Nf6 4. g3 d5 5. Bg2 c6 6. O-O Bd6 7. Qc2 O-O 8. Nc3 Bd7 9. Ne5 Be8 10. cxd5 cxd5 11. Bf4 Nc6 12. Nxc6 Bxc6 13. Bxd6 Qxd6 14. e3 Rac8 15. Rfc1 g5 16. Qd3 Ne4 17. Nxe4 dxe4 0-1


[Site "https://www.chess.com"]

[Event "Titled Tuesday Blitz November 14 Early 2023"]
[White "FREDERICKtheMATE"]
[Black "Osinovsky, Stepan"]
[BlackFideId "4157354"]
[WhiteElo "2562"]
[BlackElo "2434"]
[Result "1/2-1/2"]
[Round "7"]
[TimeControl "180+1"]
[Date "2023.11.14"]
[WhiteClock "0:00:30"]
[BlackClock "0:00:05"]
[Board "104"]

1. Nf3 Nf6 2. g3 g6 3. Bg2 Bg7 4. O-O O-O 5. d4 d6 6. c4 Nbd7 7. Nc3 e5 8. e4 Re8 9. d5 Nc5 10. Ne1 a5 11. Nd3 Nxd3 12. Qxd3 Nd7 13. Be3 Nc5 14. Qc2 Bd7 15. b3 f5 16. f3 b6 17. a3 fxe4 18. fxe4 Rf8 19. b4 Rxf1+ 20. Rxf1 axb4 21. axb4 Na4 22. Ra1 Nxc3 23. Qxc3 Bf6 24. c5 bxc5 25. bxc5 Bg5 26. Rxa8 Bxe3+ 27. Qxe3 Qxa8 28. c6 Qa1+ 29. Kf2 Qb2+ 30. Kf3 Bc8 31. h3 Kg7 32. Qg5 Qc3+ 33. Kf2 Qd4+ 34. Kf3 Qd1+ 35. Kf2 Qd4+ 36. Qe3 Kf6 37. Bf1 h5 38. Kf3 g5 39. g4 hxg4+ 40. hxg4 Bxg4+ 41. Kf2 Qxe3+ 42. Kxe3 Bd1 43. Kd2 Bg4 44. Ke3 Kg6 45. Kf2 Kh5 46. Kg3 Bd1 47. Bd3 g4 48. Bb1 Kg5 49. Bd3 Bf3 50. Bb1 Be2 51. Bc2 Bc4 52. Bb1 Bb3 53. Bd3 Ba4 54. Bb1 Bb5 55. Bc2 Be2 56. Bb1 Bd1 57. Bd3 Kf6 58. Kf2 Ke7 59. Bb1 Kd8 60. Bd3 Bf3 61. Ke3 Kc8 62. Be2 Bxe2 63. Kxe2 Kb8 64. Kf2 Ka7 65. Kg3 Kb6 66. Kxg4 Kc5 67. Kf5 Kd4 68. Ke6 Kxe4 69. Kd7 Kxd5 70. Kxc7 e4 71. Kd7 e3 72. c7 e2 73. c8=Q e1=Q 74. Qc6+ Kd4 75. Qxd6+ Kc4 76. Qc7+ Kb3 77. Qb6+ Ka3 78. Qd6+ Qb4 79. Ke7 Qxd6+ 80. Kxd6 1/2-1/2


[Site "https://www.chess.com"]

[Event "Titled Tuesday Blitz November 14 Early 2023"]
[White "Haitin, Ilja"]
[Black "Ozates, Tuna"]
[WhiteFideId "4501764"]
[BlackFideId "6354521"]
[WhiteElo "2423"]
[BlackElo "2561"]
[Result "0-1"]
[Round "7"]
[TimeControl "180+1"]
[Date "2023.11.14"]
[WhiteClock "0:00:07"]
[BlackClock "0:00:31"]
[Board "105"]

1. Nf3 b6 2. e4 Bb7 3. Nc3 e5 4. Nxe5 Nc6 5. Nf3 Bc5 6. d4 Bb4 7. d5 Nce7 8. Qd4 Bxc3+ 9. Qxc3 Nf6 10. Bd3 O-O 11. O-O c6 12. d6 Ng6 13. e5 Nd5 14. Qd4 f6 15. c4 c5 16. Qg4 Nb4 17. Bxg6 hxg6 18. Nh4 f5 19. Qg3 f4 20. Qg4 g5 21. Ng6 Re8 22. Qh5 Re6 23. Ne7+ Rxe7 24. dxe7 Qxe7 25. a3 Nc2 26. Rb1 Nd4 27. Bd2 Be4 28. Rbd1 Bd3 29. Rfe1 Bxc4 30. Bc3 Ne6 31. Rd6 Rf8 32. h4 gxh4 33. Qg4 f3 34. gxf3 Bb5 35. Red1 Bc6 36. Kh2 Bxf3 37. Qg6 Bxd1 38. Rxd1 Rxf2+ 39. Kh1 Rf3 40. Bd2 Rh3+ 41. Kg2 Rg3+ 0-1


[Site "https://www.chess.com"]

[Event "Titled Tuesday Blitz November 14 Early 2023"]
[White "Bilan, Danila"]
[Black "Goldin, Roman"]
[WhiteFideId "24161918"]
[BlackFideId "2803860"]
[WhiteElo "2554"]
[BlackElo "2416"]
[Result "0-1"]
[Round "7"]
[TimeControl "180+1"]
[Date "2023.11.14"]
[WhiteClock "0:01:17"]
[BlackClock "0:00:46"]
[Board "106"]

1. d4 Nf6 2. Nf3 b5 3. e3 a6 4. c4 b4 5. a3 e6 6. axb4 Bxb4+ 7. Bd2 Qe7 8. Bd3 Bb7 9. Qb3 a5 10. c5 Bd5 11. Bc4 Na6 12. Bxb4 Nxb4 13. Bxd5 Nfxd5 14. e4 Nf4 15. Qxb4 Nd3+ 0-1


[Site "https://www.chess.com"]

[Event "Titled Tuesday Blitz November 14 Early 2023"]
[White "Nastase, Robert-Paul"]
[Black "Pham, Le Thao Nguyen"]
[WhiteFideId "1221175"]
[BlackFideId "12401226"]
[WhiteElo "2415"]
[BlackElo "2549"]
[Result "0-1"]
[Round "7"]
[TimeControl "180+1"]
[Date "2023.11.14"]
[WhiteClock "0:00:07"]
[BlackClock "0:00:17"]
[Board "107"]

1. a3 d5 2. f4 g6 3. Nf3 Bg7 4. g3 c6 5. Bg2 Nh6 6. d3 Nd7 7. e4 dxe4 8. dxe4 O-O 9. Qe2 Nc5 10. Nbd2 Na4 11. c3 b5 12. O-O Qb6+ 13. Kh1 Ng4 14. Nb3 Be6 15. Nfd4 Bc4 16. Qxg4 c5 17. Rd1 cxd4 18. Nxd4 Rad8 19. e5 f6 20. Nc6 Rxd1+ 21. Qxd1 Qc7 22. Bd5+ Kh8 23. Bxc4 Qxc6+ 24. Bd5 Qc7 25. Be3 fxe5 26. Qb3 a6 27. Re1 exf4 28. Bxf4 e5 29. Bc1 Nc5 30. Qc2 Qd7 31. Bg2 Qd3 32. Qe2 Qxe2 33. Rxe2 Rd8 34. Re1 Nd3 35. Rd1 Rd7 0-1


[Site "https://www.chess.com"]

[Event "Titled Tuesday Blitz November 14 Early 2023"]
[White "ChainedDowntohell"]
[Black "MarijaKuznecova"]
[WhiteElo "2548"]
[BlackElo "2384"]
[Result "1-0"]
[Round "7"]
[TimeControl "180+1"]
[Date "2023.11.14"]
[WhiteClock "0:00:32"]
[BlackClock "0:00:01"]
[Board "108"]

1. d4 Nf6 2. c4 c5 3. d5 b5 4. Nd2 bxc4 5. e4 d6 6. Bxc4 g6 7. Ngf3 Bg7 8. O-O O-O 9. Qc2 Na6 10. a3 Nc7 11. Rd1 e6 12. dxe6 fxe6 13. e5 dxe5 14. Ne4 Nfd5 15. Bg5 Qe8 16. Nxc5 Nf4 17. Qe4 Rb8 18. Nxe5 Nfd5 19. Ned3 Qc6 20. Rac1 Qb6 21. h4 Ne7 22. Bxe7 Re8 23. Bg5 Qd6 24. b4 Qf8 25. Ne5 Bf6 26. Ncd7 Bxd7 27. Nxd7 1-0


[Site "https://www.chess.com"]

[Event "Titled Tuesday Blitz November 14 Early 2023"]
[White "iJueles"]
[Black "LouieKov2022"]
[WhiteElo "2381"]
[BlackElo "2547"]
[Result "0-1"]
[Round "7"]
[TimeControl "180+1"]
[Date "2023.11.14"]
[WhiteClock "0:02:00"]
[BlackClock "0:01:37"]
[Board "109"]

1. d4 d5 2. c4 c6 3. cxd5 cxd5 4. Bf4 Nf6 5. Nc3 Nc6 6. e3 a6 7. Bd3 Bg4 8. Nf3 e6 9. h3 Bh5 10. a3 Bd6 11. Bxd6 Qxd6 12. O-O O-O 13. Rc1 Rac8 14. Qe2 Rc7 15. Na4 Ne4 16. Nc5 f5 17. b4 Rfc8 18. Qd1 Bxf3 19. gxf3 Ng5 20. Kg2 Ne7 21. f4 Ne4 22. f3 Nf6 23. Qd2 Ng6 24. Kf2 Qe7 25. Nb3 Nh5 26. Kg2 Qh4 27. Qf2 Nhxf4+ 28. exf4 Nxf4+ 29. Kg1 Nxh3+ 0-1


[Site "https://www.chess.com"]

[Event "Titled Tuesday Blitz November 14 Early 2023"]
[White "Degtiarev, Evgeny"]
[Black "Santos Flores, Alberto"]
[WhiteFideId "4149610"]
[BlackFideId "3601234"]
[WhiteElo "2366"]
[BlackElo "2545"]
[Result "0-1"]
[Round "7"]
[TimeControl "180+1"]
[Date "2023.11.14"]
[WhiteClock "0:00:00"]
[BlackClock "0:00:49"]
[Board "110"]

1. d4 d5 2. c4 c6 3. Nc3 Nf6 4. e3 a6 5. Nf3 Bf5 6. cxd5 cxd5 7. Bd3 Bxd3 8. Qxd3 e6 9. O-O Be7 10. e4 dxe4 11. Nxe4 Nxe4 12. Qxe4 Nc6 13. Rd1 Qd5 14. Qxd5 exd5 15. Bf4 O-O 16. Ne5 Rac8 17. Nd7 Rfe8 18. Nb6 Rcd8 19. Bc7 Bf6 20. Bxd8 Rxd8 21. Na4 Bxd4 22. Nc3 Bxc3 23. bxc3 b5 24. Rd2 Ne7 25. Re1 Kf8 26. a4 Rc8 27. axb5 axb5 28. Rb2 Rxc3 29. Rxb5 Rc8 30. Rb7 Ng6 31. g3 Rd8 32. f4 f6 33. Rc1 d4 34. Rd1 Ne7 35. Kf2 h5 36. Rb4 Nf5 37. Rd3 Ra8 38. Rb2 Ra4 39. h3 Kf7 40. Kf3 Nd6 41. Rbd2 Nb5 42. Rb2 Nd6 43. Rbd2 Nb5 44. g4 hxg4+ 45. hxg4 Ke6 46. f5+ Kd5 47. Rb3 Nd6 48. Rb8 Ra3+ 49. Kf4 d3 50. Rd8 Ra4+ 51. Kf3 Rd4 52. Rd7 Kc4 53. Rxg7 Kc3 54. Rd1 d2 55. Rc7+ Kd3 56. Rd7 Kc2 0-1


[Site "https://www.chess.com"]